 Dungeon Crawl Stone Soup version 0.24.0-1-gfbc8707 (webtiles) character file.

Game seed: 17909013794006203239, levelgen mode: deterministic

55 shmeve the Chopper (level 3, -2/34 HPs)
             Began as a Minotaur Berserker on Nov 4, 2019.
             Was a Believer of Trog.
             Slain by a phantom (5 damage)
             ... on level 2 of the Dungeon.
             The game lasted 00:04:44 (1584 turns).

shmeve the Chopper (Minotaur Berserker)             Turns: 1584, Time: 00:04:44

Health: -2/34      AC:  2    Str: 21    XL:     3   Next: 67%
Magic:  2/2        EV: 12    Int:  4    God:    Trog [**....]
Gold:   62         SH:  0    Dex: 10    Spells: 2/2 levels left

rFire    . . .     SeeInvis .   a - +0 hand axe
rCold    . . .     Gourm    .   (no shield)
rNeg     . . .     Faith    .   b - +0 animal skin
rPois    .         Spirit   .   (helmet restricted)
rElec    .         Reflect  .   (no cloak)
rCorr    .         Harm     .   (no gloves)
MR       .....                  (no boots)
Stlth    +.........             (no amulet)
HPRegen  0.11/turn              (no ring)
MPRegen  0.08/turn              (no ring)

@: berserk cooldown, slowed, very slow
A: retaliatory headbutt, horns 2
a: Berserk, Trog's Hand, Renounce Religion


You were on level 2 of the Dungeon.
You worshipped Trog.
Trog was pleased with you.
You were very hungry.

You visited 1 branch of the dungeon, and saw 2 of its levels.

You collected 62 gold pieces.

Inventory:

Hand Weapons
 a - a +0 hand axe (weapon)
Armour
 b - a +0 animal skin (worn)
Jewellery
 f - an uncursed ring of protection from fire {unknown}
Scrolls
 d - 3 scrolls of remove curse {unknown}
 g - a scroll of blinking {unknown}
 i - a scroll of amnesia {unknown}
 j - a scroll of identify {unknown}
 l - a scroll of fear {unknown}
 m - a scroll of teleportation {unknown}
Potions
 e - a potion of haste {unknown}
 h - a potion of curing {unknown}
 k - a potion of mutation {unknown}
 o - a potion of flight {unknown}
Comestibles
 c - 2 rations
 n - 5 chunks of flesh


   Skills:
 * Level 4.3 Fighting
 * Level 4.7 Axes
 + Level 2.5 Armour
 + Level 2.6 Dodging


You had 2 spell levels left.
You didn't know any spells.
Your spell library was empty.

Dungeon Overview and Level Annotations

Branches:
Dungeon (2/15)

Altars:
Yredelemnul


Innate Abilities, Weirdness & Mutations

You reflexively headbutt those who attack you in melee.
You have a pair of horns on your head.


Message History

You feel a strong urge to attack something.
The phantom blinks!
You feel your anger nearly subside.
The phantom blinks!
You are no longer berserk.
You pass out from exhaustion.
You feel yourself slow down. The phantom hits you.
* * * LOW HITPOINT WARNING * * *
The phantom blinks!
Your skin stops crawling.
You feel less resistant to hostile enchantments.
You can move again.
The phantom hits you!
* * * LOW HITPOINT WARNING * * *
The phantom blinks!
Unknown command.
The phantom blinks!
The phantom hits you.
You die...

.....................
..###.#####...#..#.## #
..###.#####.#.#..#.###.#
........................
..###.#####...........
..# #.# #........##
..###.### #.#..#.#.###.#
........# #.#...........
..###.#####.#...@#.###.#
.........##.#...W###
.......................
.#.##.##.........#####.
...##.##.........#
............#.#..#
..............#..#
.####....##.#.##.#
.............. .#


You could see a phantom.

Vanquished Creatures
  An adder (D:2)
  A worm (D:2)
  2 dart slugs (D:1)
  2 leopard geckos (D:2)
  5 bats
  4 giant cockroaches
  7 goblins
  5 hobgoblins
  2 kobolds (D:1)
  A ball python (D:1)
  2 frilled lizards (D:1)
  A rat (D:1)
33 creatures vanquished.

Notes
Turn   | Place    | Note
-------+----------+-------------------------------------------
     0 | D:1      | shmeve the Minotaur Berserker began the quest for the Orb.
     0 | D:1      | Reached XP level 1. HP: 19/19 MP: 0/0
   225 | D:1      | Reached XP level 2. HP: 16/27 MP: 1/1
  1102 | D:1      | Reached XP level 3. HP: 24/33 MP: 2/2
  1358 | D:2      | Reached ** piety under Trog
  1508 | D:2      | Found a basalt altar of Yredelemnul.
  1538 | D:2      | Noticed a phantom
  1584 | D:2      | Slain by a phantom

Levels and vault maps discovered:
D:1:      erik_arrival_triangle_large, layout_loops_ring, minmay_misc_feat_x,
          nrook_uturn, minmay_3d_cube
D:2:      layout_basic, nicolae_overflow_hidden_temple

Skill      XL: |  1 |
---------------+----+-----
Fighting       | 4 |  4.3
Axes           | 4 |  4.7
Armour         | |  2.5
Dodging        | |  2.6

Action                   || total
-------------------------++-------
Melee: Hand axe          ||    83
       Headbutt          ||    12
Invok: Berserk           ||     1
       Trog's Hand       ||     1
  Eat: Chunk             ||     2
Armor: Animal skin       ||    24
Dodge: Dodged            ||    52
